 Dungeon Crawl Stone Soup version 0.31-a0-986-g5e6e4ef867 (webtiles) character file.

Game seed: 17107385864711053739

9931 Firecrotchwizard the Grappler (level 11, -2/56 HPs)
             Began as a Vine Stalker Monk on Nov 11, 2023.
             Was an Elder of Hepliaklqana.
             Slain by a skeletal warrior
             ... wielding a +0 scimitar
              (5 damage)
             ... on level 11 of the Dungeon.
             The game lasted 00:24:19 (7943 turns).

Firecrotchwizard the Grappler (Vine Stalker Monk)   Turns: 7943, Time: 00:24:20

Health: -2/56      AC: 17    Str: 18    XL:     11   Next: 54%
Magic:  0/17       EV:  9    Int: 10    God:    Hepliaklqana [****..]
Gold:   244        SH:  0    Dex: 17    Spells: 10/10 levels left

rFire   . .          .
                       - Unarmed
rCold   . . .        (no shield)
rNeg    . . .        v - +0 chain mail
rPois   .            u - +0 helmet
rElec   .            q - +2 cloak
rCorr   .            E - +2 pair of gloves
SInv    +            (no boots)
Will    +....        (no amulet) Stlth
                     d - ring of see invisible
HPRegen 1.09/turn    p - +4 ring of slaying
MPRegen 0.15/turn

%: guardian spirit
@: about to teleport
A: reduced essence, fangs 3, regeneration 1, magic shield, antimagic bite, no
potion heal 2
a: Renounce Religion, Recall Ancestor, Ancestor Identity, Transference, Idealise


You were on level 11 of the Dungeon.
You worshipped Hepliaklqana.
Hepliaklqana was greatly pleased with you.
You visited 2 branches of the dungeon, and saw 12 of its levels.

You collected 364 gold pieces.
You spent 120 gold pieces at shops.

Inventory:

Missiles
 h - 5 boomerangs
 k - 25 poisoned darts
Armour
 q - a +2 cloak (worn)
 u - a +0 helmet (worn)
 v - a +0 chain mail (worn)
 x - a +0 plate armour
 E - a +2 pair of gloves (worn)
Jewellery
 a - a ring of positive energy
 c - a ring of wizardry
 d - a ring of see invisible (left hand)
 p - a +4 ring of slaying (right hand)
 C - the ring "Ziraypp" {rN+ Dex+4}
   (You found it on level 8 of the Dungeon)

   [ring of positive energy]

   Dex+4:     It affects your dexterity (+4).
   rN+:       It protects you from negative energy.
Wands
 e - a wand of roots (1)
 n - a wand of charming (8)
 A - a wand of light (3)
Scrolls
 f - 3 scrolls of fog
 i - 5 scrolls of identify
 B - 2 scrolls of amnesia
 G - a scroll of poison
Potions
 b - 3 potions of ambrosia
 g - 2 potions of cancellation {unknown}
 j - 4 potions of curing
 l - 3 potions of resistance
 m - a potion of attraction {unknown}
 o - a potion of heal wounds {unknown}
 r - a potion of might {unknown}
 s - 2 potions of haste {unknown}
 t - 2 potions of enlightenment {unknown}
 w - 2 potions of berserk rage
 z - a potion of mutation {unknown}
 D - a potion of lignification {unknown}
 F - a potion of brilliance {unknown}


   Skills:
 + Level 9.8 Fighting
 + Level 5.2 Armour
 - Level 2.4 Dodging
 - Level 11.3 Unarmed Combat
 + Level 7.4 Invocations


You had 10 spell levels left.
You didn't know any spells.
Your spell library contained the following spells:

 Spells                   Type           Power      Damage    Failure   Level
 Magic Dart               Conj           0%         1d3       97%         1
 Blink                    Tloc           0%         N/A       99%         2
 Call Imp                 Summ           0%         N/A       99%         2
 Lesser Beckoning         Tloc           0%         N/A       99%         2
 Momentum Strike          Conj/Tloc      0%         3d8       99%         2
 Mephitic Cloud           Conj/Pois/Air  0%         N/A       100%        3


Dungeon Overview and Level Annotations

Branches:
Dungeon (11/15)            Temple (1/1) D:6             Orc (0/2) D:10
   Lair: D:8-11

Altars:
Ashenzari
Cheibriados
Dithmenos
Elyvilon
Fedhas
Gozag
Hepliaklqana
Kikubaaqudgha
Makhleb
Nemelex Xobeh
Okawaru
Qazlal
Ru
Sif Muna
Trog
Uskayaw
Vehumet
Wu Jian
Xom
Yredelemnul
Zin
The Shining One

Shops:
D:6 *

Annotations:
D:11 1 runed translucent door, lunkers's ghost, journeyman MeFi


Innate Abilities, Weirdness & Mutations

Your life essence is reduced to manifest your ancestor. (-10% HP)
You have razor-sharp teeth.
Your natural rate of healing is unusually fast.
When hurt, damage is shared between your health and your magic reserves.
Your bite disrupts and absorbs the magic of your enemies.
Potions cannot restore your health.


Message History

A skeletal warrior is nearby!
You swap places.
There is a stone staircase leading up here.
Appius points at the skeletal warrior and mumbles some strange words.
The puff of frost hits the skeletal warrior.
The skeletal warrior completely resists.
The skeletal warrior hits Appius with a +0 long sword!!
Appius hits the skeletal warrior but does no damage.
The skeletal warrior hits Appius with a +0 long sword!
Appius hits the skeletal warrior with a +0 quarterstaff!
The skeletal warrior completely misses Appius.
Appius barely misses the skeletal warrior.
The skeletal warrior hits Appius with a +0 long sword!
Appius is destroyed!
The skeletal warrior hits you with a +0 long sword!
You climb upwards.
There is a stone staircase leading down here.
You pummel the skeletal warrior!! Your punch misses the skeletal warrior.
You bite the skeletal warrior, but do no damage.
The skeletal warrior is heavily damaged.
You completely miss the skeletal warrior.
The skeletal warrior is heavily damaged.
The skeletal warrior hits you with a +0 long sword!
You punch the skeletal warrior! Your punch misses the skeletal warrior.
Your bite misses the skeletal warrior.
The skeletal warrior is severely damaged.
The skeletal warrior barely misses you.
You hit the skeletal warrior. You bite the skeletal warrior.
You drain its power.
You feel invigorated.
The skeletal warrior is severely damaged.
The skeletal warrior hits you but does no damage.
You hit the skeletal warrior but do no damage.
You bite the skeletal warrior. You drain its power.
The skeletal warrior is almost destroyed.
The skeletal warrior hits you but does no damage.
You punch the skeletal warrior!
The skeletal warrior is almost destroyed.
You hit the skeletal warrior.
You destroy the skeletal warrior!
No target in view!
You start resting.
HP restored.
You climb downwards.
There is a stone staircase leading up here.
You start waiting.
An acid dragon comes into view.
The acid dragon roars!
Found a runed translucent door.
Appius emerges from the mists of memory!
You barely miss the acid dragon.
The acid dragon bites you but does no damage.
The acid dragon claws you.
You punch the acid dragon! You punch the acid dragon.
The acid dragon is heavily wounded.
The acid dragon bites you.
The acid dragon claws you but does no damage.
You punch the acid dragon!
The acid dragon is almost dead.
Appius hits the acid dragon with a +0 quarterstaff!
The acid dragon dies!
The acid dragon scales are intact enough to wear.
No target in view!
HP restored.
Lunkers's ghost turns its malevolent gaze towards you.
A skeletal warrior is nearby!
The skeletal warrior misses you.
You closely miss the skeletal warrior.
The skeletal warrior closely misses you.
The skeletal warrior hits you with a +0 trident!!
You pummel the skeletal warrior!! Your bite misses the skeletal warrior.
The skeletal warrior is moderately damaged.
You punch the skeletal warrior! Your bite misses the skeletal warrior.
The skeletal warrior is heavily damaged.
The skeletal warrior completely misses you.
The skeletal warrior hits you with a +0 trident!!
* * * LOW MAGIC WARNING * * *
* * * LOW HITPOINT WARNING * * *
The skeletal warrior attacks as it pursues you!
The skeletal warrior hits you with a +0 trident!
* * * LOW MAGIC WARNING * * *
* * * LOW HITPOINT WARNING * * *
You swap places.
Appius casts a spell at the skeletal warrior.
The puff of frost hits the skeletal warrior but does no damage.
The skeletal warrior hits you from afar with a +0 trident!
* * * LOW MAGIC WARNING * * *
* * * LOW HITPOINT WARNING * * *
As you read the scroll labelled PAUN YNAODAR, it crumbles to dust.
You feel strangely unstable.
It was a scroll of teleportation.
Appius gestures at the skeletal warrior while chanting.
The puff of frost hits the skeletal warrior but does no damage.
The skeletal warrior hits you from afar with a +0 trident!
* * * LOW MAGIC WARNING * * *
* * * LOW HITPOINT WARNING * * *
The skeletal warrior hits you but does no damage.
Okay, then.
Appius hits the skeletal warrior with a +0 quarterstaff!
The skeletal warrior attacks as it pursues you!
The skeletal warrior hits you with a +0 scimitar.
You die...

##.....#$~~~~+...............#
##......#....W#..###.........##
........#######.####.......###
....#..## #........##.....#
....#...# ##..#####.#.....###
.......## #...# #.........^#
.......####...#######...#.###
.........###....#####....##
..........###...@z........##
................R#.##......####
...............z##..........#.##
...............z.z.............#
...............................#
................#....##.......##
......................#..#..<##
.........................#..##
.............................#


You could see the friendly Appius the battlemage and 3 skeletal warriors.

Vanquished Creatures
  Erica (D:10)
  A two-headed ogre (D:10)
  A skeletal warrior (D:10)
  Pikel (D:4)
  2 trolls
  A shadow (D:10)
  10 yaks
  A steam dragon (D:8)
  A vampire mosquito (D:10)
  An acid dragon (D:8)
  A water moccasin (D:5)
  2 orc warriors (D:10)
  An ice beast (D:4)
  2 black bears
  An ogre (D:3)
  4 phantoms
  A kobold brigand (D:9)
  A bullfrog (D:8)
  A gnoll sergeant (D:8)
  2 scorpions
  A water moccasin zombie (D:6)
  A wyvern zombie (D:6)
  3 killer bees (D:9)
  4 howler monkeys
  3 bullfrog zombies (D:6)
  A hound (D:4)
  A gnoll bouda (D:8)
  6 orc priests
  A bullfrog skeleton (D:6)
  A centaur skeleton (D:6)
  A sleepcap (D:7)
  7 iguanas
  5 orc wizards
  11 adders
  4 gnolls (D:8)
  A howler monkey skeleton (D:6)
  A shadow imp (D:5)
  A white imp (D:6)
  2 ufetubi (D:5)
  A worm (D:4)
  2 dart slugs
  27 orcs
  6 ball pythons
  3 bats
  5 endoplasms
  2 giant cockroaches
  9 goblins
  10 hobgoblins
  5 jackals (D:4)
  2 quokkas
  A frilled lizard (D:1)
  8 kobolds
  6 rats
178 creatures vanquished.

Vanquished Creatures (collateral kills)
  A hydra (D:11)
  2 trolls
  A vampire (D:11)
  2 shadows (D:10)
  4 yaks (D:8)
  A vampire mosquito (D:10)
  An acid dragon (D:11)
  An orc warrior (D:9)
  An ogre (D:5)
  A killer bee (D:9)
  A howler monkey (D:8)
  A centaur zombie (D:6)
  A bullfrog zombie (D:6)
  An iron imp (D:7)
  A sleepcap (D:7)
  An orc wizard (D:9)
  3 gnolls (D:8)
  A white imp (D:7)
  9 orcs
  2 goblins (D:10)
  3 kobolds (D:9)
39 creatures vanquished.

Vanquished Creatures (others)
  2 battlemagi (D:11)
2 creatures vanquished.

Grand Total: 219 creatures vanquished

Notes
Turn   | Place    | Note
-------+----------+-------------------------------------------
     0 | D:1      | Firecrotchwizard the Vine Stalker Monk began the quest for
                  | the Orb.
     0 | D:1      | Reached XP level 1. HP: 11/11 MP: 2/2
   337 | D:1      | Reached XP level 2. HP: 16/16 MP: 3/3
   852 | D:2      | Reached XP level 3. HP: 20/20 MP: 4/4
  1063 | D:2      | Reached skill level 4 in Unarmed Combat
  1521 | D:3      | Reached XP level 4. HP: 24/24 MP: 5/5
  1690 | D:3      | Reached XP level 5. HP: 20/29 MP: 6/6
  1732 | D:3      | Noticed an ogre
  1739 | D:3      | Killed an ogre
  1740 | D:3      | Reached skill level 5 in Unarmed Combat
  2014 | D:4      | Reached XP level 6. HP: 18/33 MP: 5/7
  2190 | D:4      | Found a sacrificial altar of Ru.
  2229 | D:4      | Reached skill level 6 in Unarmed Combat
  2244 | D:4      | Noticed an ice beast
  2248 | D:4      | Killed an ice beast
  2249 | D:4      | Reached XP level 7. HP: 38/38 MP: 8/8
  2364 | D:4      | Found a faded altar of an unknown god.
  2370 | D:4      | Noticed Pikel
  2384 | D:4      | Killed Pikel
  2385 | D:4      | Reached skill level 5 in Fighting
  2385 | D:4      | Reached skill level 8 in Unarmed Combat
  2385 | D:4      | Gained mutation: You have razor-sharp teeth. [Vine Stalker
                  | growth]
  2385 | D:4      | Reached XP level 8. HP: 32/44 MP: 5/9
  2652 | D:5      | Entered Level 5 of the Dungeon
  3145 | D:5      | Reached skill level 9 in Unarmed Combat
  3197 | D:5      | Found a blossoming altar of Fedhas.
  3203 | D:5      | Found an ornate altar of the Wu Jian Council.
  3214 | D:5      | Found a basalt altar of Yredelemnul.
  3681 | D:6      | Found a white marble altar of Elyvilon.
  3758 | D:6      | Reached XP level 9. HP: 49/49 MP: 10/10
  3834 | D:6      | Identified the +0 leather armour "Sonoof" {rElec rF- Int+2}
  3944 | D:6      | Noticed a +0 hand axe
  3944 | D:6      | Noticed a +0 hand axe
  3959 | D:6      | Found a hide-covered altar of Uskayaw.
  4012 | D:6      | Found a staircase to the Ecumenical Temple.
  4039 | Temple   | Entered the Ecumenical Temple
  4054 | Temple   | Became a worshipper of Hepliaklqana the Forgotten
  4054 | Temple   | Reached * piety under Hepliaklqana
  4054 | Temple   | Reached ** piety under Hepliaklqana
  4055 | Temple   | Remembered your ancestor Appius as a battlemage
  4071 | D:6      | Found Qegyorch's Assorted Antiques.
  4083 | D:6      | Bought a short ivory wand for 120 gold pieces
  4096 | D:6      | Reached skill level 10 in Unarmed Combat
  4110 | D:6      | Reached skill level 1 in Invocations
  4927 | D:7      | Found a snail-covered altar of Cheibriados.
  5245 | D:8      | Identified the ring "Ziraypp" {rN+ Dex+4}
  5331 | D:8      | Reached skill level 11 in Unarmed Combat
  5332 | D:8      | Reached XP level 10. HP: 37/49 MP: 9/13
  5390 | D:8      | Reached *** piety under Hepliaklqana
  5770 | D:8      | Reached skill level 1 in Armour
  6315 | D:8      | Reached skill level 5 in Invocations
  6748 | D:10     | Entered Level 10 of the Dungeon
  6748 | D:10     | Found a staircase to the Orcish Mines.
  6910 | D:10     | Found a flagged portal.
  6945 | D:10     | Reached **** piety under Hepliaklqana
  6997 | D:10     | Reached XP level 11. HP: 47/55 MP: 12/16
  7066 | D:10     | Noticed a two-headed ogre
  7072 | D:10     | Killed a two-headed ogre
  7418 | D:10     | Noticed Erica
  7425 | D:10     | Killed Erica
  7563 | D:11     | Noticed a skeletal warrior
  7563 | D:11     | Noticed a skeletal warrior
  7563 | D:11     | Noticed a skeletal warrior
  7563 | D:11     | Noticed a skeletal warrior
  7563 | D:11     | Noticed a skeletal warrior
  7711 | D:11     | Noticed a five-headed hydra
  7717 | D:11     | Killed a five-headed hydra
  7718 | D:11     | Reached skill level 5 in Armour
  7859 | D:10     | Killed a skeletal warrior
  7909 | D:11     | Found a runed translucent door.
  7921 | D:11     | Noticed lunkers's ghost (journeyman MeFi)
  7942 | D:11     | HP: 2/56 [skeletal warrior/+0 trident (9)]
  7943 | D:11     | Slain by a skeletal warrior

Illustrated notes

Levels and vault maps discovered:
D:1:      denvon_arrival_planthouse, layout_basic, chequers_decorated_corner
D:2:      layout_loops_cross
D:3:      layout_rooms, minmay_goblin_kobold_house
D:4:      layout_cave_pools, mainiacjoe_overflow_boulevard, serial_column_ruins,
          column_ruins_temple_hut, column_ruins_square_medium,
          column_ruins_open_small, column_ruins_grid_2, column_ruins_open_small,
          column_ruins_grid_3, st_stairs_5, kennysheep_pointless_box, uniq_pikel
D:5:      layout_basic, minmay_overflow_temple_star_quad
D:6:      layout_gridville, dancing_weapons_uskayaw, elyvilon_altar_5,
          minmay_temple_entry_overgrown, serial_shops, shop, serial_undead,
          serial_undead_c, serial_undead_a, serial_undead_d, serial_undead_c
D:7:      layout_loops_corners, slow_altar_2
D:8:      layout_basic
D:9:      layout_basic
D:10:     layout_irregular_city, orc_0_dummy, enter_bailey_3, uniq_erica
D:11:     kennysheep_big_flooded_room, layout_cave_pools, lair_entry_dummy,
          ebering_ghost_reflecting_pool
Temple:   nicolae_temple_no_exploring_needed

Skill      XL: |  1  2  3  4  5  6  7  8  9 10 11 |
---------------+----------------------------------+-----
Fighting       | 3 4 5 6 7 9 |  9.8
Unarmed Combat | 4 5 6 8 9 11 | 11.3
Invocations    | 3 6 7 |  7.4
Armour         | 3 5 |  5.2
Dodging        | |  2.4

Action                     |  1- 3 |  4- 6 |  7- 9 | 10-12 || total
---------------------------+-------+-------+-------+-------++-------
  Melee: Unarmed           |    62 |    98 |   158 |   157 ||   475
         Bite              |    18 |    32 |    58 |    47 ||   155
         Punch             |       |       |     8 |    10 ||    18
  Throw: Dart              |       |     2 |       |     3 ||     5
 Invoke: Recall Ancestor   |       |       |     1 |     1 ||     2
         Ancestor Life: Ba |       |       |     1 |       ||     1
         Ancestor Identity |       |       |     1 |       ||     1
  Evoke: Wand              |       |       |       |     1 ||     1
    Use: Scroll            |       |       |     8 |     7 ||    15
   Stab: Distracted        |       |       |     2 |     1 ||     3
         Invisible         |       |       |       |     1 ||     1
 Armour: Robe              |     4 |       |       |       ||     4
         Ring mail         |    18 |    40 |       |       ||    58
         Chain mail        |       |     6 |   106 |   154 ||   266
  Dodge: Dodged            |    33 |    51 |    55 |    71 ||   210

Table legend: (Time is in decaauts)
 A = Elapsed time spent in this place.
 B = Non-inter-level travel time spent in this place.
 C = Inter-level travel time spent in this place.
 D = Time resting spent in this place.
 E = Time spent auto-exploring this place.
 F = Levels seen in this place.
 G = Mean time per level.
                   A        B        C        D        E       F      G
               +--------+--------+--------+--------+--------+-----+--------+
         Total |   7876 |   7453 |    423 |    229 |   6003 |  12 |  656.3 |
       Dungeon |   7852 |   7450 |    402 |    229 |   6003 |  11 |  713.8 |
        Temple |     23 |      2 |     21 |      0 |      0 |   1 |   23.0 |
               +--------+--------+--------+--------+--------+-----+--------+

Top non-repeatable levels by time:
     D:5: 1020 daAuts
    D:10: 913 daAuts
     D:8: 906 daAuts
     D:7: 826 daAuts
     D:1: 788 daAuts
     D:2: 713 daAuts
     D:6: 696 daAuts
     D:4: 641 daAuts
     D:9: 586 daAuts
     D:3: 490 daAuts
    D:11: 268 daAuts
  Temple: 23 daAuts
